 Dungeon Crawl Stone Soup version 0.30.0-29-ga12c61a403 (webtiles) character file.

Game seed: 14372549743008129314

11092 Fecro the Unseen (level 11, -6/53 HPs)
             Began as a Spriggan Brigand on June 18, 2023.
             Was a High Priest of Dithmenos.
             Mangled by a harpy simulacrum (8 damage)
             ... in an ice cave.
             The game lasted 01:17:11 (10858 turns).

Fecro the Unseen (Spriggan Brigand)                Turns: 10858, Time: 01:17:12

Health: -6/53      AC:  3    Str:  9    XL:     11   Next: 44%
Magic:  20/20      EV: 26    Int: 13    God:    Dithmenos [*****.]
Gold:   508        SH:  0    Dex: 28    Spells: 17/20 levels left

rFire   . . .        y - +7 dagger "Afih" {speed, Str+2 Dex+7}
rCold   . . .        (no shield)
rNeg    + . .        b - +0 robe
rPois   .            (helmet restricted)
rElec   .            c - +0 cloak
rCorr   .            (gloves unavailable)
SInv    +            (boots unavailable)
Will    ++++.        w - amulet of the Four Winds {rN+ Will+++ Clar} Stlth ***+++++++
                     o - +5 ring of evasion
HPRegen 0.28/turn    I - +4 ring of slaying
MPRegen 0.17/turn

%: clarity
@: wreathed by umbra, studying Unarmed Combat, very quick
A: very small, no large weapons, unfitting armour, see invisible, speed 3
a: Renounce Religion, Shadow Step, Shadow Form


You were in an ice cave.
You worshipped Dithmenos.
Dithmenos was extremely pleased with you.
You visited 2 branches of the dungeon, and saw 12 of its levels.
You also visited: Ossuary and Ice Cave.

You collected 608 gold pieces.
You spent 100 gold pieces at shops.

Inventory:

Hand Weapons
 y - the +7 dagger "Afih" (weapon) {speed, Str+2 Dex+7}
   (You found it on level 3 of the Dungeon)

   Str:       It affects your strength (+2).
   Dex:       It affects your dexterity (+7).
Missiles
 d - 27 poisoned darts
 e - a curare-tipped dart
 g - 140 stones
 p - 20 boomerangs (quivered)
 D - 3 silver boomerangs
Armour
 b - a +0 robe (worn)
 c - a +0 cloak (worn)
Jewellery
 o - a +5 ring of evasion (left hand)
 w - the amulet of the Four Winds (around neck) {rN+ Will+++ Clar}
   (You found it on level 6 of the Dungeon)

   [amulet of nothing]

   rN:        It protects you from negative energy.
   Clar:      It protects you from confusion, rage, mesmerisation and fear.
   Will:      It greatly increases your willpower.
 I - a +4 ring of slaying (right hand)
Wands
 E - a wand of flame (15)
 H - a wand of digging (3)
Scrolls
 a - 3 scrolls of fog {unknown}
 f - 4 scrolls of magic mapping {unknown}
 i - 2 scrolls of poison {unknown}
 j - a scroll of brand weapon {unknown}
 k - 3 scrolls of fear {unknown}
 m - a scroll of silence {unknown}
 q - 3 scrolls of noise {unknown}
 r - 6 scrolls of identify {unknown}
 A - 2 scrolls of immolation {unknown}
 C - 3 scrolls of amnesia {unknown}
 F - 3 scrolls of blinking {unknown}
 J - a scroll of torment {unknown}
 L - a scroll of enchant armour {unknown}
 N - a scroll of enchant weapon {unknown}
Potions
 h - 7 potions of brilliance {unknown}
 l - 7 potions of curing {unknown}
 n - 3 potions of heal wounds
 s - 3 potions of invisibility {unknown}
 t - 4 potions of degeneration {unknown}
 u - 3 potions of haste {unknown}
 v - 2 potions of berserk rage {unknown}
 x - 3 potions of cancellation {unknown}
 z - 2 potions of magic {unknown}
 B - 2 potions of flight
 G - 2 potions of attraction {unknown}
 K - a potion of might {unknown}


   Skills:
 * Level 4.2 Fighting
 + Level 7.8 Short Blades
 * Level 9.2 Throwing
 + Level 4.0 Dodging
 + Level 19.0 Stealth
 * Level 5.4 Spellcasting
 + Level 2.6 Evocations


You had 17 spell levels left.
You knew the following spells:

 Your Spells              Type           Power      Damage    Failure   Level
a - Sandblast             Erth           6%         2d5       19%         1
b - Passwall              Tmut/Erth      2%         N/A       26%         2

Your spell library contained the following spells:

 Spells                   Type           Power      Damage    Failure   Level
 Ignite Poison            Fire/Tmut/Pois 3%         N/A       47%         3
 Stone Arrow              Conj/Erth      6%         3d7       47%         3
 Vhi's Electric Charge    Tloc/Air       6%         N/A       47%         3
 Volatile Blastmotes      Fire/Tloc      6%         2d10      47%         3
 Fulminant Prism          Conj/Hex       1%         3d5       87%         4
 Iskenderun's Mystic Bla  Conj/Tloc      3%         2d3       87%         4
 Manifold Assault         Tloc           3%         N/A       87%         4
 Sticky Flame             Conj/Fire      3%         2d3       87%         4
 Arcjolt                  Conj/Air       1%         1d11      99%         5
 Iskenderun's Battlesphe  Conj           3%         2d6       99%         5
 Lee's Rapid Deconstruct  Erth           1%         3d4*      99%         5
 Dispersal                Tloc           1%         N/A       100%        6
 Iron Shot                Conj/Erth      1%         9d1       100%        6
 Spellforged Servitor     Conj/Summ      1%         N/A       100%        7
 Disjunction              Tloc           1%         N/A       100%        8
 Ignition                 Fire           1%         3d3       100%        8
 Maxwell's Capacitive Co  Air            1%         ∞         100%        8


Dungeon Overview and Level Annotations

Branches:
Dungeon (11/15)            Temple (1/1) D:5            Lair (0/5) D:11
    Orc (0/2) D:10        Ossuary (visited)           IceCv (1/1)

Altars:
Ashenzari
Cheibriados
Dithmenos
Elyvilon
Fedhas
Kikubaaqudgha
Nemelex Xobeh
Okawaru
Qazlal
Ru
Sif Muna
Trog
Uskayaw
Vehumet
Wu Jian
Xom
Zin
The Shining One

Shops:
D:4 *   D:5 *   D:9 [

Annotations:
D:6 2 runed translucent doors


Innate Abilities, Weirdness & Mutations

You are very small and have problems with some larger weapons.
You are too small for most types of armour.
You have supernaturally acute eyesight. (SInv)
You cover ground extremely quickly. (Speed+++)


Message History

The floor.
The harpy simulacrum closely misses you.
The harpy simulacrum claws you! The harpy simulacrum freezes you!!
You emit a cloud of dark smoke.
The harpy simulacrum attacks as you move away!
The harpy simulacrum completely misses you.
The harpy simulacrum misses you.
The harpy simulacrum completely misses you. x2
You puncture the harpy simulacrum!
The harpy simulacrum is heavily damaged.
The harpy simulacrum barely misses you.
The harpy simulacrum completely misses you.
You puncture the harpy simulacrum!
The harpy simulacrum is almost destroyed.
The harpy simulacrum completely misses you.
The harpy simulacrum claws you. The harpy simulacrum freezes you!
* * * LOW HITPOINT WARNING * * *
You feel much better.
The harpy simulacrum closely misses you. x2
The harpy simulacrum completely misses you.
The harpy simulacrum claws you. The harpy simulacrum freezes you!
You feel much better.
The harpy simulacrum closely misses you.
The harpy simulacrum completely misses you.
The harpy simulacrum claws you. The harpy simulacrum freezes you!
The harpy simulacrum claws you! The harpy simulacrum freezes you!
* * * LOW HITPOINT WARNING * * *
The harpy simulacrum closely misses you.
The harpy simulacrum completely misses you.
The harpy simulacrum completely misses you.
The harpy simulacrum closely misses you.
The harpy simulacrum attacks as you move away!
The harpy simulacrum misses you.
The harpy simulacrum completely misses you.
There is an ice choked empty arch of ancient stone here.
The harpy simulacrum completely misses you.
The harpy simulacrum misses you.
The harpy simulacrum attacks as you move away!
The harpy simulacrum claws you!
You die...

#§§§#####
. ##§§.##
##...#
##...#
#...##
##...##
##.....##
#...Z...#
#...@...#
##..∩..##
##...##
#####


You could see a harpy simulacrum.

Vanquished Creatures
  Erica (D:9)
  Pikel (D:6)
  Maggie (D:9)
  A troll (D:10)
  A hornet (D:7)
  Grinder (D:6)
  10 yaks
  2 wyverns (D:8)
  2 shadows (D:10)
  Grum (D:9)
  Menkaure (D:6)
  An acid dragon (D:11)
  8 water moccasins
  11 orc warriors
  A black bear (D:8)
  3 ice beasts
  A sky beast (D:8)
  2 ogres (D:5)
  5 wolves
  2 lemures (D:6)
  3 centaurs
  2 bullfrogs (D:8)
  12 scorpions
  5 wights (D:10)
  6 killer bees (D:9)
  9 howler monkeys
  2 centaur zombies (Ossuary)
  4 hounds
  Crazy Yiuf (D:2)
  11 orc priests
  A jelly (D:7)
  2 gnoll boudas
  5 human zombies (Ossuary)
  A sleepcap (D:8)
  3 scorpion zombies (Ossuary)
  4 iguanas
  13 orc wizards
  Natasha (thrice) (D:2)
  A troll simulacrum (IceCv)
  3 mummies (Ossuary)
  12 gnolls
  15 adders
  4 shadow imps
  3 white imps
  3 worms
  2 dart slugs
  58 orcs
  3 bats (D:1)
  7 endoplasms
  3 giant cockroaches
  9 goblins
  7 hobgoblins
  2 jackals (D:2)
  6 kobolds
  3 quokkas
  9 ball pythons
  A frilled lizard (D:1)
  2 gnoll zombies (Ossuary)
  2 goblin zombies (Ossuary)
  3 hobgoblin zombies (Ossuary)
  2 kobold zombies (Ossuary)
  An orc zombie (Ossuary)
  5 rats
  A butterfly (D:5)
310 creatures vanquished.

Notes
Turn   | Place    | Note
-------+----------+-------------------------------------------
     0 | D:1      | Fecro the Spriggan Brigand began the quest for the Orb.
     0 | D:1      | Reached XP level 1. HP: 10/10 MP: 2/2
    68 | D:1      | Reached skill level 6 in Stealth
   288 | D:1      | Reached XP level 2. HP: 14/14 MP: 3/3
   520 | D:1      | Reached skill level 7 in Stealth
   733 | D:2      | Noticed Natasha
   800 | D:2      | Killed Natasha
   801 | D:2      | Reached XP level 3. HP: 18/18 MP: 4/4
   850 | D:2      | Noticed Natasha
   857 | D:2      | Killed Natasha
   858 | D:2      | Reached skill level 8 in Stealth
   858 | D:2      | Reached XP level 4. HP: 22/22 MP: 5/5
   876 | D:2      | Noticed Natasha
  1017 | D:2      | Killed Natasha
  1207 | D:2      | Reached skill level 9 in Stealth
  1359 | D:2      | Reached XP level 5. HP: 25/25 MP: 6/6
  1723 | D:2      | Found a runed translucent door.
  1724 | D:2      | Noticed Crazy Yiuf
  1767 | D:2      | Killed Crazy Yiuf
  1883 | D:3      | Identified the +7 dagger "Afih" {speed, Str+2 Dex+7}
  2102 | D:3      | Found a faded altar of an unknown god.
  2377 | D:3      | Reached XP level 6. HP: 30/30 MP: 7/7
  2595 | D:4      | Reached skill level 10 in Stealth
  2728 | D:4      | Found Muebir's Serpentskin Sales.
  2728 | D:4      | Noticed a water moccasin
  2728 | D:4      | Noticed a water moccasin
  2820 | D:4      | Killed a water moccasin
  2965 | D:4      | Bought 5 poisoned darts for 42 gold pieces
  2965 | D:4      | Bought 3 poisoned darts for 25 gold pieces
  2965 | D:4      | Bought 4 poisoned darts for 33 gold pieces
  3000 | D:4      | Reached skill level 1 in Evocations
  3034 | D:4      | Found a shadowy altar of Dithmenos.
  3043 | D:4      | Became a worshipper of Dithmenos the Shadowed
  3262 | D:4      | Killed a water moccasin
  3263 | D:4      | Reached skill level 11 in Stealth
  3263 | D:4      | Reached XP level 7. HP: 34/34 MP: 8/8
  3597 | D:5      | Entered Level 5 of the Dungeon
  3625 | D:5      | Reached skill level 12 in Stealth
  3819 | D:5      | Found Eninystri's Assorted Antiques.
  3856 | D:5      | Reached XP level 8. HP: 39/39 MP: 9/9
  3908 | D:5      | Reached skill level 13 in Stealth
  4283 | D:4      | Reached * piety under Dithmenos
  4338 | D:5      | Found a staircase to the Ecumenical Temple.
  4376 | D:5      | Reached skill level 14 in Stealth
  4447 | Temple   | Entered the Ecumenical Temple
  4812 | D:6      | Found a large runed translucent door.
  4813 | D:6      | Found a large runed translucent door.
  4874 | D:6      | Noticed Menkaure
  4878 | D:6      | Killed Menkaure
  4886 | D:6      | Noticed Pikel
  4937 | D:6      | Found the amulet of the Four Winds {rN+ Will+++ Clar}
  4977 | D:6      | Found a sand-covered staircase.
  5272 | D:6      | Killed Pikel
  5273 | D:6      | Reached skill level 5 in Short Blades
  5273 | D:6      | Reached skill level 5 in Throwing
  5273 | D:6      | Reached skill level 15 in Stealth
  5273 | D:6      | Reached XP level 9. HP: 43/43 MP: 10/10
  5328 | Ossuary  | Entered an ossuary
  5416 | Ossuary  | Reached ** piety under Dithmenos
  5589 | Ossuary  | Reached skill level 16 in Stealth
  5924 | D:6      | Found an iron altar of Okawaru.
  5927 | D:6      | Reached skill level 1 in Spellcasting
  5929 | D:6      | Reached skill level 17 in Stealth
  5938 | D:6      | Noticed Grinder
  5945 | D:6      | Killed Grinder
  6408 | D:7      | Reached XP level 10. HP: 48/48 MP: 13/13
  6451 | D:7      | Identified the +6 flail "Wuacris" {drain, rElec Will+ rCorr
                  | Stlth-}
  6941 | D:7      | Reached *** piety under Dithmenos
  7410 | D:8      | Found an ancient bone altar of Kikubaaqudgha.
  7431 | D:8      | Found a snail-covered altar of Cheibriados.
  7438 | D:8      | Found a shimmering blue altar of Sif Muna.
  7441 | D:8      | Found a glowing silver altar of Zin.
  7441 | D:8      | Found a sparkling altar of Nemelex Xobeh.
  7446 | D:8      | Found a glowing golden altar of the Shining One.
  7450 | D:8      | Found a blossoming altar of Fedhas.
  7485 | D:8      | Reached skill level 18 in Stealth
  7534 | D:8      | Learned a level 1 spell: Sandblast
  7537 | D:8      | Learned a level 2 spell: Passwall
  8302 | D:9      | Found Lyphap's Armour Shoppe.
  8458 | D:9      | Noticed Maggie
  8468 | D:9      | Killed Maggie
  8482 | D:9      | Noticed Erica
  8577 | D:9      | Killed Erica
  8681 | D:9      | Reached **** piety under Dithmenos
  8753 | D:9      | Reached XP level 11. HP: 46/53 MP: 17/17
  9022 | D:9      | Noticed Grum
  9027 | D:9      | Killed Grum
  9494 | D:10     | Entered Level 10 of the Dungeon
  9578 | D:10     | Found a staircase to the Orcish Mines.
  9840 | D:10     | Reached ***** piety under Dithmenos
  9975 | D:10     | Reached skill level 5 in Spellcasting
 10245 | D:10     | Reached skill level 19 in Stealth
 10264 | D:10     | Found a shimmering altar of Xom.
 10446 | D:11     | Found a staircase to the Lair.
 10588 | D:11     | Found a shimmering altar of Xom.
 10588 | D:11     | Found a shimmering altar of Xom.
 10823 | D:11     | Found a frozen archway.
 10829 | IceCv    | Entered an ice cave
 10851 | IceCv    | HP: 1/53 [harpy simulacrum (16)]
 10858 | IceCv    | Mangled by a harpy simulacrum

Illustrated notes

Levels and vault maps discovered:
D:1:      dpeg_arrival_three_same_balls, layout_basic
D:2:      layout_loops_cross, minmay_heptomino_w4, uniq_crazy_yiuf_cottage,
          uniq_natasha
D:3:      layout_loops_cross, hellmonk_ecumenical_altar_inner_sanctum,
          minivault_19
D:4:      layout_basic, mainiacjoe_overflow_surrounded_room, guppyfry_shop_venom
D:5:      layout_basic, minmay_temple_entry_butterflies, serial_shops,
          nicolae_take_the_stairs
D:6:      layout_loops_cross, mainiacjoe_overflow_concentric_impassable,
          jmf_multi_god_temple2, nicolae_ossuary_entry_plus,
          dk_rats_in_the_wall, uniq_pikel, uniq_grinder, uniq_menkaure
D:7:      layout_loops_ring, minmay_manual_macuahuitl
D:8:      layout_basic, nicolae_overflow_hallway_of_the_gods
D:9:      layout_layer_cave, serial_shops, shop, dreamdust_princess_corridor,
          serial_bayou_pond_d, uniq_erica, uniq_grum, uniq_maggie
D:10:     layout_roguey, kennysheep_mini_moat, erik_orc_4, special_room
          [special_room_orc]
D:11:     layout_basic, minmay_lair_entry_grove,
          portal_ice_cave_entry_pillars_2, serial_shops, shop, xom_redecorated
Temple:   nicolae_temple_two_arcs
IceCv:    ice_cave_small_demon

Skill      XL: |  1  2  3  4  5  6  7  8  9 10 11 |
---------------+----------------------------------+-----
Stealth        | 6 7 8 9 11 12 15 17 18 19 | 19.0
Dodging        | 2 3 4 |  4.0
Short Blades   | 3 4 5 6 7 |  7.8
Throwing       | 3 5 6 8 9 |  9.2
Evocations     | 1 2 |  2.6
Fighting       | 2 3 4 |  4.2
Spellcasting   | 1 3 5 |  5.4

Action                     |  1- 3 |  4- 6 |  7- 9 | 10-12 || total
---------------------------+-------+-------+-------+-------++-------
  Melee: Dagger            |    38 |   147 |   246 |   365 ||   796
         Punch             |       |       |     2 |     3 ||     5
  Throw: Dart              |     3 |    10 |    30 |    16 ||    59
         Boomerang         |       |     3 |     7 |    70 ||    80
  Evoke: Wand              |       |    14 |     3 |     5 ||    22
    Use: Scroll            |       |     1 |     1 |       ||     2
         Potion            |       |     1 |       |     3 ||     4
   Stab: Sleeping          |    12 |    19 |    45 |    34 ||   110
         Distracted        |       |     1 |       |     2 ||     3
 Armour: Robe              |     4 |     7 |     3 |     7 ||    21
  Dodge: Dodged            |    20 |    85 |   110 |   165 ||   380
